 Dungeon Crawl Stone Soup version 0.21.1-1-g345015f (webtiles) character file.

72 troglodite the Skirmisher (level 4, -2/55 HPs)
             Began as a Demonspawn Berserker on Apr 11, 2018.
             Was a Believer of Trog.
             Slain by a goblin (3 damage)
             ... led by Robin
             ... on level 2 of the Dungeon.
             The game lasted 00:03:08 (939 turns).

troglodite the Skirmisher (Demonspawn Berserker)     Turns: 939, Time: 00:03:09

Health: -2/55      AC: 22    Str: 18    XL:     4   Next: 6%
Magic:  4/4        EV:  2    Int:  8    God:    Trog [**....]
Gold:   46         SH:  0    Dex: 13    Spells: 3/3 levels left

rFire    . . .     SeeInvis .   a - +0 falchion
rCold    . . .     Gourm    .   (no shield)
rNeg     + + +     Faith    .   (armour currently unavailable)
rPois    +         Spirit   .   (helmet currently unavailable)
rElec    .         Reflect  .   (cloak currently unavailable)
rCorr    .         Harm     .   (gloves currently unavailable)
MR       .....     NoTele   +   (boots currently unavailable)
Stlth    ++........             (no amulet)
HPRegen  0.18/turn              (no ring)
MPRegen  0.09/turn              (no ring)

@: lethally poisoned (-2 -> -4), tree-form, berserk cooldown, slowed, very slow
A: freezing cloud immunity
a: Berserk, Trog's Hand, Burn Spellbooks, Renounce Religion


You were on level 2 of the Dungeon.
You worshipped Trog.
Trog was pleased with you.
You were very hungry.
You were a tree.
You visited 1 branch of the dungeon, and saw 2 of its levels.

You collected 46 gold pieces.

Inventory:

Hand Weapons
 a - a +0 falchion (weapon)
Armour
 b - a +0 animal skin (melded)
Scrolls
 e - a scroll of remove curse {unknown}
 g - a scroll of fear {unknown}
 i - a scroll of enchant armour {unknown}
 l - a scroll of fog {unknown}
Potions
 d - a potion of invisibility {unknown}
 h - a potion of lignification
 j - a potion of haste {unknown}
 k - a potion of cancellation {unknown}
Comestibles
 c - 4 rations
 f - 3 chunks of flesh


   Skills:
 * Level 4.0 Fighting
 + Level 3.2 Long Blades
 + Level 1.9 Armour
 + Level 2.0 Dodging
 + Level 1.1 Stealth


You had 3 spell levels left.
You didn't know any spells.

Dungeon Overview and Level Annotations

Branches:
Dungeon (2/15)

Altars:


Innate Abilities, Weirdness & Mutations

((Your flesh is cold resistant. (rC+)))
You are immune to freezing clouds.
((Your movements are slightly less encumbered by armour. (ER -2)))


Message History

The adder skeleton bites you but does no damage.
The adder bites you but does no damage. The goblin completely misses you.
The adder skeleton bites you but does no damage.
The adder bites you but does no damage. The goblin hits you but does no damage.
You miss the adder.
The adder is severely wounded.
You feel sick. The adder bites you.
* * * LOW HITPOINT WARNING * * *
The adder skeleton bites you.
* * * LOW HITPOINT WARNING * * *
The goblin hits you but does no damage. x2
The kobold hits you but does no damage. The adder skeleton barely misses you.
The adder bites you but does no damage.
A goblin comes into view. It is wielding a dagger.
You closely miss the adder.
The adder is severely wounded.
* * * LOW HITPOINT WARNING * * *
You feel sick. The goblin hits you but does no damage.
The adder bites you but does no damage. The goblin hits you.
You die...

# #..........#
#.#..........#
####.#.....†....###
.............)......
............))...###
..........?.........
.......#...#.####.$.
..........S#g!......
.........gK♣.g......
..........Zg....#.g
##................
##....####.......
###..####...##.>.
#..........# ...
#..........##..#
#............... ..
#.....>........


You could see an adder, 5 goblins, a kobold and an adder skeleton.

Vanquished Creatures
  2 adders (D:2)
  2 dart slugs (D:1)
  6 bats
  9 giant cockroaches
  10 goblins
  5 hobgoblins
  2 jackals (D:2)
  A kobold (D:1)
  A ball python (D:1)
  2 frilled lizards (D:2)
  3 rats
43 creatures vanquished.

Notes
Turn   | Place    | Note
-------+----------+-------------------------------------------
     0 | D:1      | troglodite the Demonspawn Berserker began the quest for the Orb.
     0 | D:1      | Reached XP level 1. HP: 18/18 MP: 1/1
   357 | D:1      | Gained mutation: Your flesh is cold resistant. (rC+) [demonic ancestry]
   357 | D:1      | Reached XP level 2. HP: 23/24 MP: 2/2
   637 | D:2      | Gained mutation: You are immune to freezing clouds. [demonic ancestry]
   637 | D:2      | Reached XP level 3. HP: 29/29 MP: 3/3
   682 | D:2      | Reached ** piety under Trog
   752 | D:2      | Reached skill level 1 in Stealth
   884 | D:2      | Reached skill level 4 in Fighting
   924 | D:2      | Gained mutation: Your movements are slightly less encumbered by armour. (ER -2) [demonic ancestry]
   924 | D:2      | Reached XP level 4. HP: 36/37 MP: 4/4
   938 | D:2      | HP: 2/55 [adder skeleton (2)]
   939 | D:2      | Slain by a goblin

Skill      XL: |  1  2  3 |
---------------+----------+-----
Long Blades    | 3 |  3.2
Dodging        | 2 |  2.0
Stealth        | 1 |  1.1
Fighting       | 4 |  4.0
Armour         | |  1.9

Action                   |  1- 3 |  4- 6 || total
-------------------------+-------+-------++-------
Melee: Falchion          |    78 |     8 ||    86
Invok: Berserk           |     2 |       ||     2
       Trog's Hand       |       |     1 ||     1
  Use: Potion            |       |     1 ||     1
 Stab: Sleeping          |     3 |       ||     3
  Eat: Chunk             |     1 |       ||     1
Armor: Animal skin       |    27 |     3 ||    30
       Skin              |       |    17 ||    17
Dodge: Dodged            |    76 |    22 ||    98
       Rpst.: Falchion   |    25 |     5 ||    30
